 Dungeon Crawl Stone Soup version 0.19-a0-1292-g796ee4d (webtiles) character file.

65 Duffy the Chopper (level 4, 0/35 HPs)
             Began as a Formicid Chaos Knight on Aug 30, 2016.
             Slain by a shadow imp (3 damage)
             ... summoned by Natasha
             ... on level 2 of the Dungeon.
             The game lasted 00:00:46 (651 turns).

Duffy the Chopper (Formicid Chaos Knight)            Turns: 651, Time: 00:00:47

Health: 0/35       AC: 10    Str: 17    XL:     4   Next: 34%
Magic:  4/4        EV:  5    Int: 12    God:    Xom [..*...]
Gold:   15         SH:  0    Dex: 10    Spells: 0 memorised, 3 levels left

rFire  . . .     SeeInvis +     a - +0 hand axe (chaos)
rCold  . . .     Gourm    .     h - +0 plate armour
rNeg   . . .     Faith    .     (no shield)
rPois  .         Spirit   .     (helmet unavailable)
rElec  .         Dismiss  .     (no cloak)
rCorr  .         Reflect  .     (no gloves)
MR     .....     Harm     .     (no boots)
Stlth  ..........               (no amulet)
                                (no ring)
                                (no ring)

@: no status effects
A: permanent stasis, dig shafts and tunnels, four strong arms, antennae 3
a: Dig, Shaft Self, Renounce Religion


You were on level 2 of the Dungeon.
You worshipped Xom.
You were a toy of Xom.
You were not hungry.

You visited 1 branch of the dungeon, and saw 2 of its levels.

You collected 15 gold pieces.

Inventory:

Hand Weapons
 a - a +0 hand axe of chaos (weapon)
Armour
 b - a +2 leather armour
 h - a +0 plate armour (worn)
Scrolls
 d - a scroll of recharging {unknown}
 e - a scroll of teleportation {unknown}
Potions
 i - 2 potions of brilliance {unknown}
Comestibles
 c - a bread ration
 f - a slice of pizza


   Skills:
 - Level 3.2 Fighting
 + Level 4.8 Axes
 + Level 2.1 Armour
 - Level 0.8 Dodging


You had 3 spell levels left.
You didn't know any spells.

Dungeon Overview and Level Annotations

Branches:
Dungeon (2/15)

Altars:

Annotations:
D:2 Natasha


Innate Abilities, Weirdness & Mutations

You are under a permanent stasis effect.
You can dig through walls and to a lower floor.
Your four strong arms can wield two-handed weapons with a shield.
You have a pair of large antennae on your head. (SInv)


Message History

The shadow imp is severely wounded.
You hit Natasha. The shadow imp hits you. Natasha completely misses you.
You are too injured to fight recklessly!
You hit Natasha.
Natasha is poisoned.
Natasha is moderately wounded.
You hit the shadow imp but do no damage.
You barely miss the shadow imp.
The shadow imp hits you but does no damage.
Natasha casts a spell at you. The magic dart hits you!
The shadow imp hits you but does no damage.
You hit Natasha but do no damage.
Natasha goes berserk!
Natasha is moderately wounded.
Your plate armour prevents you from hitting the shadow imp.
You hit the shadow imp.
You heal the shadow imp.
The shadow imp is completely healed.
Natasha closely misses you. The shadow imp gestures at you.
Pain shoots through your body! The shadow imp hits you.
You die...
Xom titters!

##.....#.. #..##.##.
#### ##.##.##%
....####### #.##.##.
..........#######..#.##.
...(......#......#.#.##.
..........#......#.#.#..
#...$.5...#..)...#...#..
#.....h@.........##..#..
#.....5..........##..#.%
########.........##..#<.
+.........(...#..
#.........###.##.
####......# #....
#......# ..#. #......#
.(#. #......# ....


You could see Natasha (berserk) and 2 shadow imps.

Vanquished Creatures
  Natasha (D:2)
  2 adders (D:2)
  2 worms (D:2)
  A dart slug (D:1)
  A goblin (D:2)
  4 hobgoblins
  A bat (D:1)
  2 kobolds
  3 rats
17 creatures vanquished.

Notes
Turn   | Place    | Note
-------+----------+-------------------------------------------
     0 | D:1      | Duffy the Formicid Chaos Knight began the quest for the Orb.
     0 | D:1      | Reached XP level 1. HP: 18/18 MP: 1/1
   253 | D:1      | Reached XP level 2. HP: 20/24 MP: 2/2
   343 | D:2      | Noticed Natasha
   347 | D:2      | Killed Natasha
   347 | D:2      | Reached skill level 4 in Axes
   347 | D:2      | Reached XP level 3. HP: 27/29 MP: 3/3
   372 | D:2      | Reached XP level 4. HP: 35/35 MP: 4/4
   380 | D:2      | XOM: smoke on damage
   382 | D:2      | XOM: cast spell 'Spider Form'
   422 | D:2      | XOM: cast spell 'Summon Butterflies'
   641 | D:2      | Noticed Natasha
   651 | D:2      | Slain by a shadow imp

Vault maps used:
D:1:      dpeg_arrival_concentric_ovals, minmay_tromino_v2
D:2:      uniq_natasha

Skill      XL: |  1  2 |
---------------+-------+-----
Axes           | 4 |  4.8
Fighting       | |  3.2
Armour         | |  2.1
Dodging        | |  0.8

Action                   |  1- 3 |  4- 6 || total
-------------------------+-------+-------++-------
Melee: Hand axe          |    31 |    19 ||    50
       Unarmed           |       |     4 ||     4
 Stab: Paralysed         |     2 |       ||     2
Armor: Leather armour    |    10 |       ||    10
       Plate armour      |       |     6 ||     6
Dodge: Dodged            |    22 |    10 ||    32
